 Dungeon Crawl Stone Soup version 0.31-a0-229-g1fc7ce93e2 (webtiles) character file.

Game seed: 12793055488898061913

18542 8bitpickle the Geomancer (level 12, -9/68 HPs)
             Began as a Gargoyle Earth Elementalist on July 6, 2023.
             Was an Initiate of Gozag.
             Mangled by a salamander
             ... wielding a +0 spear
              (14 damage)
             ... in a volcano.
             The game lasted 00:20:03 (14160 turns).

8bitpickle the Geomancer (GrEE)                    Turns: 14160, Time: 00:20:04

Health: -9/68      AC: 18    Str: 11    XL:     12   Next: 59%
Magic:  23/31      EV: 13    Int: 22    God:    Gozag
Gold:   539        SH:  0    Dex: 10    Spells: 20/24 levels left

rFire   . . .        p - +1 whip (venom)
rCold   + . .        (no shield)
rNeg    + . .        a - +0 robe
rPois   ∞            o - +1 helmet
rElec   +            r - +0 cloak
rCorr   .            E - +2 pair of gloves
SInv    .            (no boots)
Will    .....        (no amulet)
Stlth   +++          l - ring of magical power
HPRegen 0.31/turn    F - ring of protection from cold
MPRegen 0.22/turn

%: no passive effects
@: no status effects
A: sickness immunity, AC +8, negative energy resistance 1, electricity
resistance, torment resistance 1, petrification resistance
a: Renounce Religion, Potion Petition, Call Merchant, Bribe Branch


You were in a volcano.
You worshipped Gozag.
Gozag was pleased with you.
You visited 3 branches of the dungeon, and saw 14 of its levels.
You also visited: Volcano.

You collected 2435 gold pieces.
You spent 294 gold pieces at shops.
You paid 1602 gold pieces to Gozag.

Inventory:

Hand Weapons
 p - a +1 whip of venom (weapon)
Armour
 a - a +0 robe (worn)
 o - a +1 helmet (worn)
 r - a +0 cloak (worn)
 E - a +2 pair of gloves (worn)
Jewellery
 l - a ring of magical power (left hand)
 n - a +6 ring of strength
 z - a ring of wizardry
 F - a ring of protection from cold (right hand)
Wands
 j - a wand of flame (40)
 m - a wand of charming (4)
 s - a wand of mindburst (9)
 t - a wand of light (19)
Scrolls
 d - 4 scrolls of amnesia
 q - 3 scrolls of blinking
 y - 2 scrolls of teleportation
 A - a scroll of poison
 C - a scroll of immolation
 D - a scroll of fog
 H - 2 scrolls of fear
Potions
 b - a potion of magic
 c - 4 potions of haste
 e - 5 potions of heal wounds
 f - 3 potions of curing
 g - a potion of ambrosia {unknown}
 h - a potion of cancellation {unknown}
 i - 3 potions of might
 k - a potion of brilliance
 u - a potion of berserk rage {unknown}
 v - a potion of lignification {unknown}
 x - 2 potions of enlightenment
 J - a potion of mutation {unknown}
Miscellaneous
 G - a phantom mirror (inert)


   Skills:
 - Level 5.0 Fighting
 - Level 5.0 Staves
 - Level 6.0 Armour
 + Level 4.3 Dodging
 - Level 5.0 Stealth
 - Level 5.0 Shields
 + Level 6.7 Spellcasting
 + Level 7.3 Conjurations
 - Level 3.0 Translocations
 - Level 1.0 Transmutations
 + Level 4.6 Fire Magic
 + Level 4.8 Ice Magic
 - Level 3.0 Air Magic
 + Level 11.5 Earth Magic
 + Level 4.3 Evocations


You had 20 spell levels left.
You knew the following spells:

 Your Spells              Type           Power      Damage    Failure   Level
a - Sandblast             Erth           100%       2d20      1%          1
d - Stone Arrow           Conj/Erth      98%        3d13      1%          3

Your spell library contained the following spells:

 Spells                   Type           Power      Damage    Failure   Level
 Passwall                 Tmut/Erth      29%        N/A       1%          2
 Lesser Beckoning         Tloc           40%        N/A       3%          2
 Ensorcelled Hibernation  Hex/Ice        34%        N/A       4%          2
 Petrify                  Tmut/Erth      35%        N/A       6%          4
 Gell's Gravitas          Tloc           20%        N/A       8%          3
 Swiftness                Air            20%        N/A       8%          3
 Teleport Other           Tloc           20%        N/A       8%          3
 Summon Forest            Summ/Tloc      6%         N/A       77%         5
 Summon Mana Viper        Hex/Summ       7%         N/A       93%         5
 Summon Cactus Giant      Summ           3%         N/A       100%        6


Dungeon Overview and Level Annotations

Branches:
Dungeon (11/15)            Temple (1/1) D:6            Lair (0/5) D:11
    Orc (2/2) D:11            Elf (0/3) Orc:2       Volcano (1/1)

Altars:
Ashenzari
Cheibriados
Dithmenos
Elyvilon
Fedhas
Gozag
Hepliaklqana
Kikubaaqudgha
Makhleb
Nemelex Xobeh
Okawaru
Qazlal
Ru
Sif Muna
Trog
Uskayaw
Vehumet
Wu Jian
Xom
Yredelemnul
Zin
The Shining One

Shops:
D:9 [   D:11 [   Orc:2 [

Annotations:
D:10 2 transporters, coffeetime's ghost, journeyman AtFi


Innate Abilities, Weirdness & Mutations

You are immune to sickness and miasma.
Your stone body is resilient. (AC +8)
You are immune to poison.
You resist negative energy. (rN+)
You are resistant to electric shocks. (rElec)
You are resistant to unholy torment.
You are immune to petrification.


Message History

A salamander is nearby!
The blast of sand hits the salamander!
The salamander is moderately wounded.
The blast of sand hits the salamander!!
The salamander is heavily wounded.
The salamander hits you from afar with a +0 spear!
You are engulfed in flames!
The blast of sand hits the salamander!
The salamander is severely wounded.
The salamander hits you from afar with a +0 spear!
* * * LOW HITPOINT WARNING * * *
You are engulfed in flames!
* * * LOW HITPOINT WARNING * * *
The salamander hits you from afar with a +0 spear.
* * * LOW HITPOINT WARNING * * *
You are engulfed in flames!
* * * LOW HITPOINT WARNING * * *
You are too injured to fight recklessly!
You are too injured to fight recklessly!
You are too injured to fight recklessly!
Casting: Sandblast (safe; 1% risk of failure)
Confirm with . or Enter, or press ? or * to list all spells.
Aiming: Stone Arrow (safe; 1% risk of failure)
Press: ? - help, Shift-Dir - straight line, f/p - salamander
Aim: a salamander, wielding a +0 spear (severely wounded, 85% to hit)
The stone arrow hits the salamander!
The salamander is almost dead.
The salamander closely misses you.
Casting: Stone Arrow (safe; 1% risk of failure)
Confirm with . or Enter, or press ? or * to list all spells.
Aiming: Stone Arrow (safe; 1% risk of failure)
Press: ? - help, Shift-Dir - straight line, f/p - salamander
Aim: a salamander, wielding a +0 spear (almost dead, 85% to hit)
The stone arrow hits the salamander.
The salamander is almost dead.
The salamander hits you from afar with a +0 spear.
* * * LOW HITPOINT WARNING * * *
You are engulfed in flames!
You die...
Your body crumbles into a pile of gold.

####### $ $ #8...8# $
$ #.....#
####.....##########..
......⌠).....@.N.....
....8...8............
####.....############
##++#''## #8.....8#
#.......# #.......#
#8..∩..8# #.......#


You could see a salamander.

Vanquished Creatures
  A hydra (D:9)
  4 two-headed ogres
  Pikel (D:6)
  An orc knight (Orc:2)
  2 orc sorcerers
  2 cyclopes (D:11)
  A salamander (Volcano)
  Maurice (D:11)
  Maggie (D:6)
  An unseen horror (D:10)
  A komodo dragon (D:11)
  2 trolls
  Grinder (D:3)
  Sigmund (D:6)
  4 wyverns
  Eustachio (D:6)
  A wraith (D:9)
  26 yaks
  A steam dragon (D:7)
  A basilisk (D:11)
  7 vampire mosquitoes
  Edmund (D:6)
  An acid dragon (D:11)
  Duvessa (D:6)
  4 ice beasts
  2 sky beasts
  7 orc warriors
  4 ogres
  6 centaurs
  2 phantoms (D:6)
  2 kobold brigands
  2 gnoll sergeants
  5 bullfrogs
  A scorpion (D:6)
  5 wights
  Dowan (D:6)
  13 killer bees
  6 howler monkeys
  3 hounds
  A jelly (D:8)
  7 orc priests
  Ijyb (D:5)
  Jessica (D:3)
  An iguana (D:6)
  2 sleepcaps
  8 orc wizards
  Natasha (thrice) (D:2)
  8 adders
  15 gnolls
  2 shadow imps
  2 white imps (D:6)
  A worm (D:2)
  31 orcs
  4 bats
  6 endoplasms
  2 giant cockroaches (D:1)
  5 hobgoblins
  11 kobolds
  4 quokkas
  9 ball pythons
  2 frilled lizards
  A goblin (D:2)
  4 rats
258 creatures vanquished.

Notes
Turn   | Place    | Note
-------+----------+-------------------------------------------
     0 | D:1      | 8bitpickle the Gargoyle Earth Elementalist began the quest
                  | for the Orb.
     0 | D:1      | Reached XP level 1. HP: 10/10 MP: 3/3
   162 | D:1      | Found a faded altar of an unknown god.
   284 | D:1      | Reached XP level 2. HP: 15/15 MP: 3/5
   592 | D:1      | Reached skill level 1 in Transmutations
  1007 | D:2      | Reached XP level 3. HP: 16/20 MP: 1/6
  1069 | D:2      | Noticed Natasha
  1073 | D:2      | Killed Natasha
  1074 | D:2      | Reached skill level 1 in Armour
  1074 | D:2      | Reached skill level 1 in Shields
  1074 | D:2      | Reached skill level 1 in Conjurations
  1074 | D:2      | Reached skill level 4 in Earth Magic
  1187 | D:2      | Found a sacrificial altar of Ru.
  1196 | D:2      | Reached skill level 1 in Fighting
  1214 | D:2      | Noticed Natasha
  1219 | D:2      | Killed Natasha
  1220 | D:2      | Reached skill level 1 in Staves
  1220 | D:2      | Reached XP level 4. HP: 17/25 MP: 7/7
  1431 | D:2      | Noticed Natasha
  1439 | D:2      | Killed Natasha
  1440 | D:2      | Reached skill level 1 in Evocations
  1608 | D:2      | Reached XP level 5. HP: 29/29 MP: 8/8
  1903 | D:3      | Noticed Jessica
  1909 | D:3      | Killed Jessica
  2034 | D:3      | Noticed Grinder
  2034 | D:3      | Noticed an ogre
  2057 | D:3      | Paralysed by Grinder for 2 turns
  2059 | D:3      | Killed Grinder
  2060 | D:3      | Reached XP level 6. HP: 20/36 MP: 10/10
  2062 | D:3      | Reached skill level 5 in Earth Magic
  2179 | D:3      | Reached XP level 7. HP: 40/40 MP: 11/11
  2631 | D:3      | Learned a level 3 spell: Stone Arrow
  3231 | D:5      | Entered Level 5 of the Dungeon
  4064 | D:5      | Noticed Ijyb
  4067 | D:5      | Killed Ijyb
  4068 | D:5      | Reached XP level 8. HP: 48/48 MP: 13/13
  4365 | D:6      | Noticed Sigmund
  4881 | D:6      | Killed Sigmund
  4882 | D:6      | Reached skill level 6 in Earth Magic
  5116 | D:6      | Noticed Edmund
  5126 | D:6      | Killed Edmund
  5140 | D:6      | Noticed Pikel
  5149 | D:6      | Killed Pikel
  5150 | D:6      | Reached skill level 5 in Fighting
  5150 | D:6      | Reached skill level 5 in Armour
  5150 | D:6      | Reached skill level 5 in Spellcasting
  5150 | D:6      | Reached skill level 5 in Conjurations
  5150 | D:6      | Reached skill level 7 in Earth Magic
  5150 | D:6      | Reached XP level 9. HP: 37/54 MP: 3/16
  5227 | D:6      | Noticed Maggie
  5240 | D:6      | Killed Maggie
  5241 | D:6      | Reached skill level 8 in Earth Magic
  5244 | D:6      | Reached skill level 9 in Earth Magic
  5650 | D:6      | Noticed Eustachio
  5655 | D:6      | Killed Eustachio
  5656 | D:6      | Reached skill level 10 in Earth Magic
  5749 | D:6      | Noticed Dowan
  5749 | D:6      | Noticed Duvessa
  5752 | D:6      | Killed Duvessa
  5753 | D:6      | Killed Dowan
  5916 | D:6      | Found a staircase to the Ecumenical Temple.
  6168 | Temple   | Entered the Ecumenical Temple
  6335 | Temple   | Became a worshipper of Gozag Ym Sagoz the Greedy
  6529 | D:7      | Reached skill level 1 in Ice Magic
  6618 | D:7      | Reached skill level 1 in Fire Magic
  6618 | D:7      | Reached XP level 10. HP: 59/59 MP: 17/17
  6654 | D:7      | Reached skill level 1 in Translocations
  6654 | D:7      | Reached skill level 1 in Air Magic
  6739 | D:7      | Identified the +2 scale mail "Zuskepre" {rN++}
  6770 | D:7      | Found a burning altar of Makhleb.
  6803 | D:7      | Found a radiant altar of Vehumet.
  6804 | D:7      | Found a hide-covered altar of Uskayaw.
  8566 | D:9      | Reached XP level 11. HP: 63/63 MP: 18/19
  9007 | D:9      | Noticed a seven-headed hydra
  9013 | D:9      | Killed a seven-headed hydra
  9560 | D:10     | Entered Level 10 of the Dungeon
  9745 | D:10     | Found a transporter.
  9763 | D:10     | Found a stormy altar of Qazlal.
  9767 | D:10     | Found a shimmering altar of Xom.
  9768 | D:10     | Found a white marble altar of Elyvilon.
  9777 | D:10     | Found a sacrificial altar of Ru.
  9872 | D:10     | Noticed a two-headed ogre
  9878 | D:10     | Killed a two-headed ogre
 10122 | D:10     | Noticed coffeetime's ghost (journeyman AtFi)
 10138 | D:10     | Found a transporter.
 10238 | D:10     | Found a bloodstained altar of Trog.
 10292 | D:10     | Noticed a two-headed ogre
 10300 | D:10     | Killed a two-headed ogre
 10301 | D:10     | Reached skill level 5 in Stealth
 11695 | D:11     | Reached skill level 11 in Earth Magic
 11920 | D:11     | Noticed a two-headed ogre
 11925 | D:11     | Killed a two-headed ogre
 12034 | D:11     | Noticed Maurice
 12039 | D:11     | Killed Maurice
 12174 | D:11     | Reached XP level 12. HP: 65/68 MP: 18/21
 12433 | D:11     | Noticed a two-headed ogre
 12437 | D:11     | Killed a two-headed ogre
 12558 | D:11     | Found a staircase to the Orcish Mines.
 13135 | D:11     | Found a staircase to the Lair.
 13144 | D:11     | Reached skill level 5 in Shields
 13399 | D:11     | Bought a pair of shimmering gloves for 294 gold pieces
 13399 | D:11     | Identified the +0 pair of gloves of Day {Harm rC+ Str-4}
                  | (You bought it in a shop on level 11 of the Dungeon)
 13425 | Orc:1    | Entered Level 1 of the Orcish Mines
 13614 | Orc:2    | Entered Level 2 of the Orcish Mines
 13614 | Orc:2    | Found a staircase to the Elven Halls.
 13682 | Orc:2    | Found Vumi's Antique Armour Shoppe.
 13824 | Orc:2    | Reached skill level 5 in Staves
 14077 | Orc:2    | Found a dark tunnel.
 14085 | Volcano  | Entered a volcano
 14160 | Volcano  | Mangled by a salamander

Illustrated notes

Levels and vault maps discovered:
D:1:      wander_arrival_estate, layout_basic,
          dreamdust_ecumenical_altar_angels_and_demons,
          minmay_misc_feat_four_crosses
D:2:      layout_basic, basic_altar, corexii_corridor_pit, uniq_natasha
D:3:      layout_basic, serial_rivers, chequers_serial_rivers_small_b,
          chequers_serial_rivers_small_3, chequers_serial_rivers_small_a,
          chequers_serial_rivers_small_a, chequers_serial_rivers_micro_a,
          st_stairs_1, hex_medium, uniq_jessica, uniq_grinder
D:4:      layout_rooms
D:5:      layout_basic, uniq_ijyb
D:6:      kennysheep_six_static_rooms, layout_loops_ring, temple_hall_moat,
          uniq_maggie, uniq_pikel, uniq_duvessa, uniq_sigmund, uniq_edmund,
          uniq_eustachio
D:7:      layout_basic, gammafunk_temple_overflow_statue, amcnicky_altar_gilded
D:8:      layout_loops_ring
D:9:      layout_loops_corners, minmay_parallelograms, kennysheep_just_a_vault
D:10:     layout_stronghold, grunt_temple_overflow_open,
          gammafunk_ghost_stat_death, nicolae_the_louvre
D:11:     layout_stronghold, erik_lair_dragon, orc_0_dummy, uniq_maurice
Temple:   nicolae_temple_bog_church
Orc:1:    layout_diamond_mine
Orc:2:    pf_orc_diabolical, layout_caves, serial_shops, shop, enter_volcano_2
Volcano:  hellmonk_zot_springs

Skill      XL: |  1  2  3  4  5  6  7  8  9 10 11 12 |
---------------+-------------------------------------+-----
Transmutations | 1 |  1.0
Armour         | 1 2 3 5 6 |  6.0
Shields        | 1 3 4 5 |  5.0
Conjurations   | 1 2 3 5 6 7 |  7.3
Earth Magic    | 4 5 7 10 11 | 11.5
Fighting       | 1 2 3 5 |  5.0
Staves         | 1 2 4 5 |  5.0
Evocations     | 1 2 3 4 |  4.3
Spellcasting   | 3 5 6 |  6.7
Ice Magic      | 1 2 3 4 |  4.8
Fire Magic     | 1 2 3 4 |  4.6
Dodging        | 2 3 4 |  4.3
Translocations | 2 3 |  3.0
Air Magic      | 2 3 |  3.0
Stealth        | 4 5 |  5.0

Action                     |  1- 3 |  4- 6 |  7- 9 | 10-12 || total
---------------------------+-------+-------+-------+-------++-------
  Melee: Whip              |       |       |    30 |    33 ||    63
   Cast: Sandblast         |    37 |    32 |   126 |   240 ||   435
         Stone Arrow       |       |       |    23 |    75 ||    98
 Invoke: Call Merchant     |       |       |       |     2 ||     2
  Evoke: Wand              |       |     9 |     5 |     9 ||    23
         Phantom mirror    |       |       |       |     1 ||     1
    Use: Scroll            |       |     4 |     8 |     7 ||    19
         Potion            |       |     2 |     2 |       ||     4
 Armour: Robe              |     5 |     5 |    45 |   143 ||   198
  Dodge: Dodged            |    10 |    13 |    69 |   145 ||   237

Table legend: (Time is in decaauts)
 A = Elapsed time spent in this place.
 B = Non-inter-level travel time spent in this place.
 C = Inter-level travel time spent in this place.
 D = Time resting spent in this place.
 E = Time spent auto-exploring this place.
 F = Levels seen in this place.
 G = Mean time per level.
                   A        B        C        D        E       F      G
               +--------+--------+--------+--------+--------+-----+--------+
         Total |  14407 |  13784 |    623 |   1604 |  10286 |  15 |  960.5 |
       Dungeon |  13552 |  12970 |    582 |   1587 |   9724 |  11 | 1232.0 |
        Temple |    204 |    173 |     31 |      2 |    151 |   1 |  204.0 |
  Orcish Mines |    573 |    564 |      9 |     15 |    351 |   2 |  286.5 |
       Volcano |     76 |     76 |      0 |      0 |     59 |   1 |   76.0 |
               +--------+--------+--------+--------+--------+-----+--------+

Top non-repeatable levels by time:
    D:10: 1964 daAuts
    D:11: 1937 daAuts
     D:5: 1636 daAuts
     D:9: 1632 daAuts
     D:6: 1446 daAuts
     D:1: 1010 daAuts
     D:2: 920 daAuts
     D:8: 886 daAuts
     D:3: 791 daAuts
     D:7: 749 daAuts
     D:4: 578 daAuts
   Orc:2: 454 daAuts
  Temple: 204 daAuts
   Orc:1: 118 daAuts
 Volcano: 76 daAuts
